 Dungeon Crawl Stone Soup version 0.31-a0-1008-g5b978dac0e (webtiles) character file.

Game seed: 2594272965315316630

165 GenialerGandalf the Chopper (level 5, 0/70 HPs)
             Began as a Hill Orc Fighter on Nov 11, 2023.
             Succumbed to an orc wizard's poison
             ... on level 3 of the Dungeon on Nov 12, 2023.
             The game lasted 00:07:53 (2265 turns).

GenialerGandalf the Chopper (Hill Orc Fighter)      Turns: 2265, Time: 00:07:53

Health: 0/70       AC: 22    Str: 21    XL:     5   Next: 46%
Magic:  5/5        EV:  2    Int:  8    God:
Gold:   170        SH:  9    Dex: 10    Spells: 5/5 levels left

rFire   . . .        a - +0 war axe
rCold   . . .        c - +0 buckler
rNeg    . . .        b - melded +0 scale mail
rPois   +            (helmet currently unavailable)
rElec   .            g - melded +0 cloak
rCorr   .            (gloves currently unavailable)
SInv    .            (boots currently unavailable)
Will    .....        h - amulet of reflection
Stlth   +            (no ring)
HPRegen 0.31/turn    (no ring)
MPRegen 0.09/turn

%: reflection
@: lethally poisoned (0 -> -6), tree-form
A: stationary, stasis, torment immunity, boosted hp
a: no special abilities


You were on level 3 of the Dungeon.
You were a tree.
You visited 1 branch of the dungeon, and saw 3 of its levels.

You collected 170 gold pieces.

Inventory:

Hand Weapons
 a - a +0 war axe (weapon)
Armour
 b - a +0 scale mail (melded)
 c - a +0 buckler (worn)
 g - a +0 cloak (melded)
Jewellery
 h - an amulet of reflection (around neck)
 k - a ring of protection from fire
Scrolls
 e - a scroll of revelation
 i - a scroll of fear
 j - a scroll of silence
 l - a scroll of noise {unknown}
 o - a scroll of amnesia {unknown}
 p - a scroll of enchant weapon
 q - a scroll of immolation {unknown}
 r - a scroll of butterflies {unknown}
Potions
 d - 2 potions of might
 f - a potion of attraction
 m - a potion of haste


   Skills:
 * Level 4.3 Fighting
 * Level 5.2 Axes
 * Level 4.1 Armour
 * Level 3.8 Shields
 * Level 0.6 Spellcasting


You had 5 spell levels left.
You didn't know any spells.
Your spell library contained the following spells:

 Spells                   Type           Power      Damage    Failure   Level
 Foxfire                  Conj/Fire      0%         2x1d4     45%         1
 Sandblast                Erth           0%         2d4       45%         1
 Passwall                 Tmut/Erth      0%         N/A       61%         2
 Ozocubu's Armour         Ice            0%         N/A       83%         3
 Stone Arrow              Conj/Erth      0%         3d7       83%         3
 Brom's Barrelling Bould  Conj/Erth      0%         2d3       99%         4
 Plasma Beam              Fire/Air       0%         2x1d10    100%        6
 Starburst                Conj/Fire      0%         6d3       100%        6
 Ozocubu's Refrigeration  Ice            0%         4d7       100%        7


Dungeon Overview and Level Annotations

Branches:
Dungeon (3/15)

Altars:
Vehumet

Shops:
D:1 =


Message History

You feel sick.
* * * LOW HITPOINT WARNING * * *
You feel sick.
It was a potion of haste.
You feel yourself speed up.
* * * LOW HITPOINT WARNING * * *
You feel sick.
It was a potion of curing.
You feel better.
You see here a book of Geomancy.
You pick up a book of Geomancy and begin reading...
You add the spells Sandblast, Passwall, Stone Arrow and Brom's Barrelling Boulder to your library.
You see here a scroll labelled NIXTUFYROFE.
q - a scroll labelled NIXTUFYROFE The orc wizard casts a spell at you.
You resist with some effort.
You closely miss the orc wizard.
The orc wizard is moderately wounded.
The orc wizard hits you but does no damage.
You are poisoned.
You hit the orc wizard.
The orc wizard is severely wounded.
You feel sick.
The orc wizard hits you with a +2 dagger of venom.
* * * LOW HITPOINT WARNING * * *
You are lethally poisoned!
You hit the orc wizard.
You kill the orc wizard!
* * * LOW HITPOINT WARNING * * *
You feel sick.
Your magical effects are unravelling.
You feel magically purged.
You feel yourself slow down.
* * * LOW HITPOINT WARNING * * *
You feel sick.
* * * LOW HITPOINT WARNING * * *
You feel sick.
It was a potion of lignification.
You turn into a tree.
Your +0 cloak melds into your body.
Your +0 scale mail melds into your body.
Your roots penetrate the ground.
You die...

######### ##### ........# ...
### ........####.# ..####
.............#######....
........(##...........#
.........).##.........#
.........#.......>....#
......................#
........####....♣.....#
........# #..........###
##......# ####.).###.†.#####
#......# ##...####.....#
#......# #..........#......
#.......## ##.##.............
#.......)### #.#..............
..........## #.#..............
...........####.#..............


There were no monsters in sight!

Vanquished Creatures
  Terence (D:2)
  2 orc wizards (D:3)
  3 gnolls (D:3)
  An adder (D:2)
  3 worms (D:2)
  3 orcs (D:3)
  7 ball pythons
  2 bats
  5 endoplasms
  A giant cockroach (D:3)
  4 goblins
  6 hobgoblins
  5 quokkas
  2 frilled lizards
  A kobold (D:1)
  3 rats
49 creatures vanquished.

Notes
Turn   | Place    | Note
-------+----------+-------------------------------------------
     0 | D:1      | GenialerGandalf the Hill Orc Fighter began the quest for
                  | the Orb.
     0 | D:1      | Reached XP level 1. HP: 19/19 MP: 1/1
   209 | D:1      | Upgraded the game from 0.31-a0-1005-gfbdfbacc72 to
                  | 0.31-a0-1008-g5b978dac0e
   253 | D:1      | Found Kialalir's Jewellery Shop.
   275 | D:1      | Reached XP level 2. HP: 27/27 MP: 2/2
   372 | D:1      | Reached skill level 3 in Axes
   905 | D:2      | Reached XP level 3. HP: 33/33 MP: 3/3
  1140 | D:2      | Noticed Terence
  1152 | D:2      | Killed Terence
  1153 | D:2      | Reached skill level 4 in Axes
  1368 | D:2      | Reached XP level 4. HP: 40/40 MP: 4/4
  2132 | D:3      | Found a radiant altar of Vehumet.
  2155 | D:3      | Reached XP level 5. HP: 38/46 MP: 5/5
  2219 | D:3      | Reached skill level 5 in Axes
  2233 | D:3      | HP: 1/46 [poisoned by an orc wizard]
  2264 | D:3      | HP: 1/47 [poisoned by an orc wizard]
  2265 | D:3      | Succumbed to an orc wizard's poison

Illustrated notes

Levels and vault maps discovered:
D:1:      lightli_arrival_boilingwater, layout_basic, serial_shops, shop
D:2:      layout_basic, kennysheep_generic_room_7, uniq_terence
D:3:      layout_rooms, lemuel_zombie_altar_yredelemnul,
          mainiacjoe_overflow_surrounded_room

Skill      XL: |  1  2  3  4  5 |
---------------+----------------+-----
Fighting       | 4 |  4.3
Axes           | 3 4 5 |  5.2
Armour         | 4 |  4.1
Shields        | |  3.8
Spellcasting   | |  0.6

Action                     |  1- 3 |  4- 6 || total
---------------------------+-------+-------++-------
  Melee: War axe           |    80 |    72 ||   152
    Use: Scroll            |     5 |     2 ||     7
         Potion            |       |     4 ||     4
 Armour: Scale mail        |    38 |    47 ||    85
  Dodge: Dodged            |    23 |    17 ||    40
  Block: Buckler           |    36 |    38 ||    74

Table legend: (Time is in decaauts)
 A = Elapsed time spent in this place.
 B = Non-inter-level travel time spent in this place.
 C = Inter-level travel time spent in this place.
 D = Time resting spent in this place.
 E = Time spent auto-exploring this place.
 F = Levels seen in this place.
 G = Mean time per level.
                   A        B        C        D        E       F      G
               +--------+--------+--------+--------+--------+-----+--------+
         Total |   2307 |   2210 |     97 |      0 |   1805 |   3 |  769.0 |
       Dungeon |   2307 |   2210 |     97 |      0 |   1805 |   3 |  769.0 |
               +--------+--------+--------+--------+--------+-----+--------+

Top non-repeatable levels by time:
     D:2: 1091 daAuts
     D:1: 865 daAuts
     D:3: 350 daAuts
